TOP OF THE 1ST |
University of Florida Gators batting - Pitching for Arizona State University Sun Devils : LHP Sean Carr
|
Pitching: LHP Sean Carr
|
|
Batting: RHB Ryan Holzwart
|
0-0: Ball 1-0: Bunt missed! 1-1: SINGLE (Groundball, 56D, EV 103.1 MPH)
|
Batting: SHB Jason Larson
|
0-0: Called Strike 0-1: Ball 1-1: Ball 2-1: Ball 3-1: Base on Balls Ryan Holzwart to second
|
Batting: SHB Robert Santiago
|
0-0: Foul Ball, location: 2F 0-1: Fly out, F8 (Flyball, 89D, EV 93.1 MPH) Runner from 2nd tags up, OUT at 3rd! 8-5
|
Batting: LHB Tomas Espino
|
0-0: Ball 1-0: Called Strike 1-1: Swinging Strike 1-2: Strikes out swinging
|
Top of the 1st over - 0 runs, 1 hit, 0 errors, 1 left on base; University of Florida 0 - Arizona State University 0 |
BOTTOM OF THE 1ST |
Arizona State University Sun Devils batting - Pitching for University of Florida Gators : RHP Scott Spillman
|
Pitching: RHP Scott Spillman
|
|
Batting: RHB Ron Squires
|
0-0: Swinging Strike 0-1: Ball 1-1: Called Strike 1-2: Strikes out swinging, 2-3 out at first.
|
Batting: RHB Akichika Yamano
|
0-0: Ball 1-0: Ball 2-0: Foul Ball, location: 2F 2-1: Swinging Strike 2-2: Fly out, F9 (Line Drive, 9D, EV 91.9 MPH)
|
Batting: RHB Troy Trice
|
0-0: Ball 1-0: Called Strike 1-1: Foul Ball, location: 2F 1-2: Ball 2-2: Ball 3-2: Base on Balls
|
Batting: RHB Ryan Criollo
|
0-0: Called Strike 0-1: 2-RUN HOME RUN (Flyball, 7D, EV 93.1 MPH), Distance : 349 ft
|
Batting: RHB Tony Casas
|
0-0: Called Strike 0-1: Foul Ball, location: 2F 0-2: Ball 1-2: Strikes out looking
|
Bottom of the 1st over - 2 runs, 1 hit, 0 errors, 0 left on base; University of Florida 0 - Arizona State University 2 |
TOP OF THE 2ND |
University of Florida Gators batting - Pitching for Arizona State University Sun Devils : LHP Sean Carr
|
Batting: SHB Jose Melendez
|
0-0: SINGLE (Groundball, 56S, EV 68.8 MPH) (infield hit)
|
Batting: RHB Ricky Mejicanos
|
0-0: Called Strike 0-1: Foul Ball, location: 2F 0-2: Grounds into double play, 4-6-3 (Groundball, 34, EV 83.8 MPH)
|
Batting: RHB Nate Britton
|
0-0: Ball 1-0: Foul Ball, location: 2F 1-1: Ball 2-1: Called Strike 2-2: Ball 3-2: SINGLE (Groundball, 34D, EV 100.6 MPH)
|
Batting: RHB Mike Bell
|
0-0: Swinging Strike 0-1: Ball 1-1: Called Strike 1-2: Strikes out swinging
|
Top of the 2nd over - 0 runs, 2 hits, 0 errors, 1 left on base; University of Florida 0 - Arizona State University 2 |
BOTTOM OF THE 2ND |
Arizona State University Sun Devils batting - Pitching for University of Florida Gators : RHP Scott Spillman
|
Batting: SHB Justin Wallace
|
0-0: Ball 1-0: Called Strike 1-1: Ball 2-1: SINGLE (Groundball, 34D, EV 107.5 MPH)
|
Batting: RHB Sergio Gomez
|
0-0: Swinging Strike 0-1: Called Strike 0-2: Ball 1-2: Foul Ball, location: 2F 1-2: Ball 2-2: Ball 3-2: Foul Ball, location: 2F 3-2: Base on Balls Justin Wallace to second
|
Batting: RHB Tony Beaumond
|
0-0: Ground out U3 (Groundball, 34S, EV 68.1 MPH) Justin Wallace to third Sergio Gomez to second
|
Batting: RHB Roberto Aispuro
|
0-0: Called Strike 0-1: Ball 1-1: Ground out 4-3 (Groundball, 34, EV 85.0 MPH) Justin Wallace scores Sergio Gomez to third
|
Batting: RHB Ron Squires
|
0-0: Ball 1-0: Ball 2-0: Called Strike 2-1: Foul Ball, location: 2F 2-2: DOUBLE (Groundball, 3L, EV 104.4 MPH) Sergio Gomez scores
|
Batting: RHB Akichika Yamano
|
0-0: Ball 1-0: Ball 2-0: Called Strike 2-1: Foul Ball, location: 2F 2-2: Ball 3-2: Foul Ball, location: 2F 3-2: SINGLE (Line Drive, 4M, EV 106.9 MPH) Ron Squires to third Runner from 3rd tries for Home, throw by CF and OUT! 8-2
|
Bottom of the 2nd over - 2 runs, 3 hits, 0 errors, 1 left on base; University of Florida 0 - Arizona State University 4 |
TOP OF THE 3RD |
University of Florida Gators batting - Pitching for Arizona State University Sun Devils : LHP Sean Carr
|
Batting: RHB Josh Smith
|
0-0: Swinging Strike 0-1: Called Strike 0-2: Ball 1-2: Ground out 1-3 (Groundball, P, EV 66.3 MPH)
|
Batting: RHB Ryan Holzwart
|
0-0: Ball 1-0: Ball 2-0: Ball 3-0: Called Strike 3-1: Ground out 4-3 (Groundball, 34, EV 83.1 MPH)
|
Batting: SHB Jason Larson
|
0-0: Called Strike 0-1: Called Strike 0-2: Fly out, F8 (Flyball, 8RM, EV 81.9 MPH)
|
Top of the 3rd over - 0 runs, 0 hits, 0 errors, 0 left on base; University of Florida 0 - Arizona State University 4 |
BOTTOM OF THE 3RD |
Arizona State University Sun Devils batting - Pitching for University of Florida Gators : RHP Scott Spillman
|
Batting: RHB Troy Trice
|
0-0: Called Strike 0-1: Foul Ball, location: 2F 0-2: Ball 1-2: Foul Ball, location: 2F 1-2: Strikes out swinging
|
Batting: RHB Ryan Criollo
|
0-0: Called Strike 0-1: Foul Ball, location: 2F 0-2: Ball 1-2: Ground out 4-3 (Groundball, 4, EV 90.6 MPH)
|
Batting: RHB Tony Casas
|
0-0: Foul Ball, location: 2F 0-1: Ball 1-1: Ball 2-1: SINGLE (Line Drive, 56D, EV 100.6 MPH)
|
Batting: SHB Justin Wallace
|
0-0: Ball 1-0: Ball 2-0: Ground out 4-3 (Groundball, 34D, EV 82.5 MPH)
|
Bottom of the 3rd over - 0 runs, 1 hit, 0 errors, 1 left on base; University of Florida 0 - Arizona State University 4 |
TOP OF THE 4TH |
University of Florida Gators batting - Pitching for Arizona State University Sun Devils : LHP Sean Carr
|
Batting: SHB Robert Santiago
|
0-0: Called Strike 0-1: Ball 1-1: Foul Ball, location: 2F 1-2: Ball 2-2: Ball 3-2: SINGLE (Line Drive, 4MD, EV 96.9 MPH)
|
Batting: LHB Tomas Espino
|
0-0: Ball 1-0: Ball 2-0: Ball 3-0: Called Strike 3-1: Swinging Strike 3-2: Strikes out swinging
|
Batting: SHB Jose Melendez
|
0-0: Called Strike 0-1: Ball 1-1: Fly out, F9 (Flyball, 89S, EV 89.4 MPH)
|
Pitching: RHP Sean Pickering
|
|
Batting: RHB Ricky Mejicanos
|
0-0: Called Strike 0-1: Ball 1-1: Foul Ball, location: 2F 1-2: SINGLE (Groundball, 6S, EV 71.9 MPH) (infield hit) Robert Santiago to second
|
Batting: RHB Nate Britton
|
0-0: Ball 1-0: Fielders Choice at 2nd, 6-4 (Groundball, 6, EV 85.6 MPH)
|
Top of the 4th over - 0 runs, 2 hits, 0 errors, 2 left on base; University of Florida 0 - Arizona State University 4 |
BOTTOM OF THE 4TH |
Arizona State University Sun Devils batting - Pitching for University of Florida Gators : RHP Scott Spillman
|
Batting: RHB Sergio Gomez
|
0-0: Called Strike 0-1: Foul Ball, location: 2F 0-2: Ball 1-2: Ball 2-2: Ball 3-2: Ground out 6-3 (Groundball, 6, EV 100.6 MPH)
|
Batting: RHB Tony Beaumond
|
0-0: Fly out, F8 (Flyball, 8LM, EV 97.5 MPH)
|
Batting: RHB Roberto Aispuro
|
0-0: SINGLE (Groundball, 56D, EV 96.9 MPH)
|
Batting: RHB Ron Squires
|
0-0: Called Strike 0-1: Swinging Strike 0-2: Strikes out looking
|
Bottom of the 4th over - 0 runs, 1 hit, 0 errors, 1 left on base; University of Florida 0 - Arizona State University 4 |
TOP OF THE 5TH |
University of Florida Gators batting - Pitching for Arizona State University Sun Devils : RHP Sean Pickering
|
Batting: RHB Mike Bell
|
0-0: Ball 1-0: Ground out 5-3 (Groundball, 56S, EV 70.0 MPH)
|
Batting: RHB Josh Smith
|
0-0: Ball 1-0: Ball 2-0: Foul Ball, location: 2F 2-1: Ground out 4-3 (Groundball, 4, EV 101.3 MPH)
|
Batting: RHB Ryan Holzwart
|
0-0: Called Strike 0-1: Swinging Strike 0-2: Ground out 6-3 (Groundball, 6, EV 88.8 MPH)
|
Top of the 5th over - 0 runs, 0 hits, 0 errors, 0 left on base; University of Florida 0 - Arizona State University 4 |
BOTTOM OF THE 5TH |
Arizona State University Sun Devils batting - Pitching for University of Florida Gators : RHP Scott Spillman
|
Pitching: RHP Pete Griesser
|
|
Batting: RHB Akichika Yamano
|
0-0: Ball 1-0: Ground out 4-3 (Groundball, 4, EV 101.3 MPH)
|
Batting: RHB Troy Trice
|
0-0: Ball 1-0: Ball 2-0: Called Strike 2-1: Swinging Strike 2-2: Foul Ball, location: 2F 2-2: Fly out, F7 (Flyball, 7D, EV 105.6 MPH)
|
Batting: RHB Ryan Criollo
|
0-0: Ball 1-0: Fly out, F7 (Flyball, 7D, EV 103.8 MPH)
|
Bottom of the 5th over - 0 runs, 0 hits, 0 errors, 0 left on base; University of Florida 0 - Arizona State University 4 |
TOP OF THE 6TH |
University of Florida Gators batting - Pitching for Arizona State University Sun Devils : RHP Sean Pickering
|
Batting: SHB Jason Larson
|
0-0: Ball 1-0: Ball 2-0: Ground out 6-3 (Groundball, 6, EV 86.3 MPH)
|
Batting: SHB Robert Santiago
|
0-0: Ball 1-0: SINGLE (Line Drive, 3D, EV 102.5 MPH)
|
Batting: LHB Tomas Espino
|
0-0: Ball 1-0: SINGLE (Line Drive, 5D, EV 98.1 MPH) Robert Santiago to second
|
Batting: SHB Jose Melendez
|
0-0: Called Strike 0-1: Ball 1-1: Ball 2-1: Fielders Choice at 2nd, 3-6 (Groundball, 3, EV 103.8 MPH) Robert Santiago to third
|
Pinch Hitting: RHB Ricardo Ortiz
|
0-0: Fly out, F9 (Flyball, 89M, EV 85.0 MPH)
|
Top of the 6th over - 0 runs, 2 hits, 0 errors, 2 left on base; University of Florida 0 - Arizona State University 4 |
BOTTOM OF THE 6TH |
Arizona State University Sun Devils batting - Pitching for University of Florida Gators : RHP Pete Griesser
|
Now in LF: Steve Langlois
|
|
Batting: RHB Tony Casas
|
0-0: Ball 1-0: Ball 2-0: Ground out 5-3 (Groundball, 56S, EV 80.6 MPH)
|
Batting: SHB Justin Wallace
|
0-0: SOLO HOME RUN (Flyball, 8LXD, EV 110.6 MPH), Distance : 427 ft
|
Batting: RHB Sergio Gomez
|
0-0: Called Strike 0-1: Ball 1-1: Foul Ball, location: 2F 1-2: Foul Ball, location: 2F 1-2: Foul Ball, location: 2F 1-2: Foul Ball, location: 2F 1-2: SOLO HOME RUN (Flyball, 7LD, EV 90.6 MPH), Distance : 329 ft
|
Batting: RHB Tony Beaumond
|
0-0: Ground out 3-1 (Groundball, 34, EV 90.0 MPH)
|
Batting: RHB Roberto Aispuro
|
0-0: Swinging Strike 0-1: Ball 1-1: Called Strike 1-2: Ground out 4-3 (Groundball, 34, EV 97.5 MPH)
|
Bottom of the 6th over - 2 runs, 2 hits, 0 errors, 0 left on base; University of Florida 0 - Arizona State University 6 |
TOP OF THE 7TH |
University of Florida Gators batting - Pitching for Arizona State University Sun Devils : RHP Sean Pickering
|
Batting: RHB Nate Britton
|
0-0: Ball 1-0: Ball 2-0: Called Strike 2-1: Foul Ball, location: 2F 2-2: SINGLE (Groundball, 23, EV 65.0 MPH) (infield hit)
|
Batting: RHB Mike Bell
|
0-0: Called Strike 0-1: Ball Wild Pitch! Nate Britton to second 1-1: SINGLE (Line Drive, 4D, EV 100.0 MPH) Nate Britton to third
|
Batting: RHB Josh Smith
|
0-0: Called Strike 0-1: Swinging Strike 0-2: Ball 1-2: 3-RUN HOME RUN (Flyball, 7LD, EV 89.4 MPH), Distance : 324 ft
|
Pitching: RHP Alan Muth
|
|
Batting: RHB Ryan Holzwart
|
0-0: Ball 1-0: Ball 2-0: SINGLE (Groundball, 34D, EV 101.3 MPH)
|
Batting: SHB Jason Larson
|
0-0: Swinging Strike Ryan Holzwart is caught stealing 2nd base 2-6 0-1: Ball 1-1: Fly out, F9 (Flyball, 9, EV 76.3 MPH)
|
Batting: SHB Robert Santiago
|
0-0: Ground out 4-3 (Groundball, 4, EV 100.0 MPH)
|
Top of the 7th over - 3 runs, 4 hits, 0 errors, 0 left on base; University of Florida 3 - Arizona State University 6 |
BOTTOM OF THE 7TH |
Arizona State University Sun Devils batting - Pitching for University of Florida Gators : RHP Pete Griesser
|
Batting: RHB Ron Squires
|
0-0: Ball 1-0: Ball 2-0: Called Strike 2-1: Foul Ball, location: 2F 2-2: Foul Ball, location: 2F 2-2: Ball 3-2: Strikes out looking
|
Batting: RHB Akichika Yamano
|
0-0: Ball 1-0: Ball 2-0: Ball 3-0: Base on Balls
|
Batting: RHB Troy Trice
|
0-0: Called Strike 0-1: SINGLE (Flyball, 6D, EV 89.4 MPH) Akichika Yamano to second
|
Batting: RHB Ryan Criollo
|
0-0: Called Strike 0-1: Ball 1-1: DOUBLE (Flyball, 78D, EV 95.0 MPH) Akichika Yamano scores Troy Trice to third Runner from 3rd tries for Home, SAFE, throw by LF to trailing runner, OUT at third! 7-3-5
|
Batting: RHB Tony Casas
|
0-0: Called Strike 0-1: SINGLE (Line Drive, 56D, EV 95.6 MPH)
|
Pitching: RHP James Campbell
|
|
Batting: SHB Justin Wallace
|
0-0: Ball Tony Casas steals 2nd base 1-0: Ground out 4-3 (Groundball, 4M, EV 101.9 MPH)
|
Bottom of the 7th over - 2 runs, 3 hits, 0 errors, 1 left on base; University of Florida 3 - Arizona State University 8 |
TOP OF THE 8TH |
University of Florida Gators batting - Pitching for Arizona State University Sun Devils : RHP Alan Muth
|
Batting: LHB Tomas Espino
|
0-0: Ball 1-0: Foul Ball, location: 2F 1-1: Foul Ball, location: 2F 1-2: Ball 2-2: Foul Ball, location: 2F 2-2: Foul Ball, location: 2F 2-2: SOLO HOME RUN (Flyball, 78XD, EV 106.3 MPH), Distance : 405 ft
|
Batting: SHB Jose Melendez
|
0-0: Called Strike 0-1: Swinging Strike 0-2: Strikes out looking
|
Batting: SHB Steve Langlois
|
0-0: Ball 1-0: Ball 2-0: Fly out, F6 (Flyball, 6D, EV 86.3 MPH)
|
Batting: RHB Nate Britton
|
0-0: Called Strike 0-1: Foul Ball, location: 2F 0-2: Strikes out swinging
|
Top of the 8th over - 1 run, 1 hit, 0 errors, 0 left on base; University of Florida 4 - Arizona State University 8 |
BOTTOM OF THE 8TH |
Arizona State University Sun Devils batting - Pitching for University of Florida Gators : RHP James Campbell
|
Batting: RHB Sergio Gomez
|
0-0: Foul Ball, location: 2F 0-1: Foul Ball, location: 2F 0-2: Strikes out swinging
|
Batting: RHB Tony Beaumond
|
0-0: Ball 1-0: Called Strike 1-1: Foul Ball, location: 2F 1-2: Foul Ball, location: 2F 1-2: Ball 2-2: Foul Ball, location: 2F 2-2: Foul Ball, location: 2F 2-2: Foul Ball, location: 2F 2-2: Ball 3-2: Base on Balls
|
Batting: RHB Roberto Aispuro
|
0-0: Fly out, F9 (Flyball, 89D, EV 103.1 MPH)
|
Batting: RHB Ron Squires
|
0-0: Ball Tony Beaumond steals 2nd base 1-0: Intentional Walk
|
Pinch Hitting: LHB Travis Ruppel
|
0-0: Ball 1-0: Called Strike 1-1: Ball 2-1: Foul Ball, location: 2F 2-2: Ball 3-2: Base on Balls Tony Beaumond to third Ron Squires to second
|
Batting: RHB Troy Trice
|
0-0: Ball 1-0: Foul Ball, location: 2F 1-1: DOUBLE (Line Drive, 3D, EV 105.0 MPH) Tony Beaumond scores Ron Squires scores Travis Ruppel to third
|
Batting: RHB Ryan Criollo
|
0-0: Fly out, F7 (Flyball, 7LM, EV 86.9 MPH)
|
Bottom of the 8th over - 2 runs, 1 hit, 0 errors, 2 left on base; University of Florida 4 - Arizona State University 10 |
TOP OF THE 9TH |
University of Florida Gators batting - Pitching for Arizona State University Sun Devils : RHP Alan Muth
|
Now in LF: Travis Ruppel
|
|
Now in RF: Roberto Aispuro
|
|
Batting: RHB Mike Bell
|
0-0: SINGLE (Groundball, 6, EV 98.1 MPH)
|
Batting: RHB Josh Smith
|
0-0: Fielders Choice at 2nd, 6-4 (Groundball, 6, EV 83.8 MPH)
|
Batting: RHB Ryan Holzwart
|
0-0: Fielders Choice at 2nd, 6-4 (Groundball, 56, EV 92.5 MPH)
|
Batting: SHB Jason Larson
|
0-0: DOUBLE (Flyball, 89XD, EV 106.3 MPH) Ryan Holzwart to third
|
Batting: SHB Robert Santiago
|
0-0: Ball 1-0: Swinging Strike 1-1: Swinging Strike 1-2: Strikes out looking
|
Top of the 9th over - 0 runs, 2 hits, 0 errors, 2 left on base; University of Florida 4 - Arizona State University 10 |
|